 Seeded DCSS version 0.29.1-12-g30fa7ad0bf (webtiles) character file.

Game seed: 16245865983455551772 (custom seed)

5892 hikkokomori the Destroyer (level 10, -2/71 HPs)
             Began as an Octopode Conjurer on Jan 17, 2023.
             Was an Initiate of Gozag.
             Slain by a hornet (9 damage)
             ... on level 8 of the Dungeon.
             The game lasted 00:14:24 (9610 turns).

hikkokomori the Destroyer (Octopode Conjurer)       Turns: 9610, Time: 00:14:25

Health: -2/71      AC:  3    Str:  7    XL:     10   Next: 82%
Magic:  33/38      EV: 13    Int: 37    God:    Gozag
Gold:   580        SH:  0    Dex: 15    Spells: 15/22 levels left

rFire   + + .      SeeInvis .   k - +0 dagger (drain)
rCold   + + .      Faith    .   (no shield)
rNeg    . . .      Spirit   .   E - +2 hat
rPois   .          Reflect  .   q - amulet of regeneration
rElec   .          Harm     .   f - +6 ring of intelligence
rCorr   .          Rampage  .   g - +6 ring of intelligence
Will    .....                   b - ring "Tuimev" {rF+ Will+}
Stlth   +++.......              h - ring "Ypeur Ato" {rC+ MP+9}
HPRegen 1.01/turn               i - ring of protection from fire
MPRegen 0.26/turn               y - ring "Mixonaff" {rC+ Will- MP+9 Int+2 Dex+3}
                                (no ring)
                                (no ring)

@: lethally poisoned (-2 -> -6), slowed, very slow
A: almost no armour, amphibious, 8 rings, camouflage 1, gelatinous body 1,
(nimble swimmer 1), tentacles
a: Renounce Religion, Potion Petition, Call Merchant, Bribe Branch


You were on level 8 of the Dungeon.
You worshipped Gozag.
Gozag was pleased with you.
You visited 2 branches of the dungeon, and saw 10 of its levels.

You collected 764 gold pieces.
You paid 184 gold pieces to Gozag.

Inventory:

Hand Weapons
 k - a +0 dagger of draining (weapon)
Armour
 E - a +2 hat (worn)
Jewellery
 b - the ring "Tuimev" (on tentacle) {rF+ Will+}
   (You acquired it on level 1 of the Dungeon)

   [ring of willpower]

   rF:        It protects you from fire.
   Will:      It increases your willpower.
 f - a +6 ring of intelligence (left tentacle)
 g - a +6 ring of intelligence (right tentacle)
 h - the ring "Ypeur Ato" (on tentacle) {rC+ MP+9}
   (You acquired it on level 1 of the Dungeon)

   [ring of magical power]

   rC:        It protects you from cold.
   MP:        It affects your magic capacity (+9).
 i - a ring of protection from fire (on tentacle)
 q - an amulet of regeneration (around mantle)
 w - a ring of ice
 y - the ring "Mixonaff" (on tentacle) {rC+ Will- MP+9 Int+2 Dex+3}
   (You acquired it on level 8 of the Dungeon)

   [ring of magical power]

   Int:       It affects your intelligence (+2).
   Dex:       It affects your dexterity (+3).
   rC:        It protects you from cold.
   MP:        It affects your magic capacity (+9).
   Will:      It decreases your willpower.
 G - a +6 ring of intelligence
Wands
 o - a wand of roots (30)
 A - a wand of flame (80)
 C - a wand of charming (9)
Scrolls
 e - 9 scrolls of teleportation {unknown}
 l - 9 scrolls of identify {unknown}
 m - a scroll of enchant weapon {unknown}
 n - 2 scrolls of summoning {unknown}
 p - a scroll of noise {unknown}
 r - 3 scrolls of immolation {unknown}
 v - a scroll of silence {unknown}
 x - a scroll of amnesia {unknown}
 D - a scroll of poison {unknown}
 F - a scroll of butterflies {unknown}
 I - a scroll of enchant armour {unknown}
Potions
 a - a potion of magic
 c - a potion of might {unknown}
 d - 2 potions of flight {unknown}
 j - 2 potions of lignification {unknown}
 s - 5 potions of brilliance {unknown}
 t - a potion of berserk rage {unknown}
 u - a potion of heal wounds {unknown}
 z - a potion of curing
 B - 2 potions of attraction {unknown}
 H - 2 potions of degeneration {unknown}


   Skills:
 + Level 7.0 Fighting
 - Level 2.1 Dodging
 - Level 2.8 Stealth
 + Level 6.8 Spellcasting
 + Level 11.8 Conjurations
 - Level 5.0 Hexes


You had 15 spell levels left.
You knew the following spells:

 Your Spells              Type           Power      Damage    Failure   Level
a - Magic Dart            Conj           100%       1d8       1%          1
b - Searing Ray           Conj           100%       2d8       1%          2
c - Fulminant Prism       Conj/Hex       33%        3d16      1%          4

Your spell library contained the following spells:

 Spells                   Type           Power      Damage    Failure   Level
 Confusing Touch          Hex            50%        N/A       1%          3
 Dazzling Flash           Conj/Hex       100%       N/A       1%          3
 Iskenderun's Mystic Bla  Conj/Tloc      54%        2d12      2%          4
 Sting                    Tmut/Pois      48%        1d5       3%          1
 Blink                    Tloc           24%        N/A       4%          2
 Poisonous Vapours        Pois/Air       24%        N/A       4%          2
 Lesser Beckoning         Tloc           12%        N/A       9%          3
 Olgreb's Toxic Radiance  Pois           12%        N/A       30%         4
 Yara's Violent Unravell  Hex/Tmut       15%        3d8       30%         5
 Manifold Assault         Tloc           12%        N/A       63%         5
 Enfeeble                 Hex            25%        N/A       97%         7
 Chain Lightning          Conj/Air       27%        3d36      100%        9
 Fire Storm               Conj/Fire      27%        8d7       100%        9
 Shatter                  Erth           6%         3d9*      100%        9


Dungeon Overview and Level Annotations

Branches:
Dungeon (9/15)             Temple (1/1) D:5            Lair (0/5) D:8
    Orc: D:9-12

Altars:
Cheibriados
Dithmenos
Elyvilon
Fedhas
Gozag
Hepliaklqana
Kikubaaqudgha
Makhleb
Nemelex Xobeh
Qazlal
Sif Muna
Trog
Uskayaw
Vehumet
Wu Jian
Yredelemnul
Zin
The Shining One

Shops:
D:3 [   D:4 *:[   D:7 =


Innate Abilities, Weirdness & Mutations

You cannot wear most types of armour.
You are amphibious.
You can wear up to eight rings at the same time.
Your skin changes colour to match your surroundings (Stealth+).
Your rubbery body absorbs attacks. (AC +1, EV +1)
((You are camouflaged when in or above water. (Stealth+)))
You have tentacles for arms and can constrict up to eight enemies at once.


Message History

You feel very sick. The hornet closely misses you.
The hornet completely misses you. The hornet barely misses you.
The magic dart hits the hornet but does no damage.
The hornet is almost dead.
You feel sick. The hornet completely misses you.
You closely miss the hornet. Your grab misses the hornet.
Your squeeze misses the hornet.
The hornet is almost dead.
You feel sick. The hornet stings you.
You are more poisoned.
You feel yourself slow down. The hornet closely misses you.
You closely miss the hornet. Your grab misses the hornet.
Your squeeze misses the hornet.
The hornet is almost dead.
You feel very sick. The hornet stings you!
You are more poisoned.
You suddenly lose the ability to move!
The hornet stings you!
You feel as though you will be slow longer.
You feel very sick. The hornet stings you.
* * * LOW HITPOINT WARNING * * *
You feel as though you will be slow longer.
You feel very sick. The hornet stings you!
* * * LOW HITPOINT WARNING * * *
You feel as though you will be slow longer.
The hornet stings you.
* * * LOW HITPOINT WARNING * * *
You are more poisoned.
You feel as though you will be slow longer.
You can move again.
You feel better. The hornet stings you.
* * * LOW HITPOINT WARNING * * *
You are poisoned.
You feel as though you will be slow longer.
The hornet stings you!
You die...
Your body crumbles into a pile of gold.

............#
########.#######
########.#.....#
.........#.###.####
.........#.#<.....#
.........#.##.....#
.........#........#
..........<.......#
........####....@.#
######### #....y.#
#......# ##.....#
#.....# #.....#
#.....# #.....#


You could see a hornet.

Vanquished Creatures
  Amaemon (D:8)
  Maurice (D:8)
  Joseph (D:8)
  An orange demon (D:8)
  Psyche (D:8)
  Sigmund (D:5)
  2 yaks (D:8)
  A steam dragon (D:7)
  A water moccasin (D:6)
  2 ice beasts
  3 orc warriors
  3 black bears
  An ogre (D:4)
  A phantom (D:6)
  2 centaurs
  4 kobold brigands
  4 bullfrogs
  2 necrophages
  6 scorpions
  4 wights (D:7)
  4 killer bees (D:8)
  4 howler monkeys
  4 orc priests
  A gnoll bouda (D:7)
  4 hounds
  An iron imp (D:4)
  Jessica (D:2)
  3 iguanas
  6 orc wizards
  Natasha (thrice) (D:3)
  A hound skeleton (D:4)
  8 gnolls
  4 adders
  A white imp (D:5)
  A dart slug (D:5)
  20 orcs
  6 ball pythons
  3 bats
  8 endoplasms
  A giant cockroach (D:4)
  5 goblins
  8 hobgoblins
  26 kobolds
  4 quokkas
  3 frilled lizards
  7 rats
179 creatures vanquished.

Vanquished Creatures (others)
  37 fulminant prisms
  27 fungi (D:8)
  35 plants
99 creatures vanquished.

Grand Total: 278 creatures vanquished

Notes
Turn   | Place    | Note
-------+----------+-------------------------------------------
     0 | D:1      | hikkokomori the Octopode Conjurer began the quest for the
                  | Orb.
     0 | D:1      | Reached XP level 1. HP: 11/11 MP: 3/3
   314 | D:1      | Reached XP level 2. HP: 17/17 MP: 0/5
   468 | D:1      | Found a faded altar of an unknown god.
  1277 | D:1      | Reached XP level 3. HP: 21/21 MP: 4/6
  1309 | D:1      | Identified 3 scrolls of acquirement
  1309 | D:1      | Acquired the ring "Ypeur Ato" {rC+ MP+9}
  1310 | D:1      | Acquired a ring of protection from fire
  1311 | D:1      | Acquired the ring "Tuimev" {rF+ Will+}
  1755 | D:2      | Noticed Jessica
  1757 | D:2      | Killed Jessica
  1758 | D:2      | Reached skill level 5 in Conjurations
  1758 | D:2      | Reached XP level 4. HP: 27/27 MP: 7/7
  1785 | D:2      | Learned a level 2 spell: Searing Ray
  2396 | D:3      | Found Ymmy Ciutu's Antique Armour Shoppe.
  2435 | D:3      | Reached skill level 6 in Conjurations
  2435 | D:3      | Reached XP level 5. HP: 5/31 MP: 8/8
  2650 | D:3      | Noticed Natasha
  2654 | D:3      | Killed Natasha
  2982 | D:3      | Noticed Natasha
  2994 | D:3      | Killed Natasha
  3057 | D:3      | Noticed Natasha
  3060 | D:3      | Killed Natasha
  3153 | D:3      | Reached skill level 7 in Conjurations
  3153 | D:3      | Reached XP level 6. HP: 36/36 MP: 9/9
  3255 | D:4      | Found Tuuwolaw's General Store.
  3346 | D:4      | Found a snail-covered altar of Cheibriados.
  3430 | D:4      | Reached skill level 8 in Conjurations
  3700 | D:4      | Found Gamycsypi's Antique Armour Boutique.
  3731 | D:4      | Found a burning altar of Makhleb.
  3742 | D:4      | Reached XP level 7. HP: 24/40 MP: 10/10
  3907 | D:4      | Found a shadowy altar of Dithmenos.
  4246 | D:4      | Found Koenoidu's Book Boutique.
  4402 | D:5      | Entered Level 5 of the Dungeon
  4404 | D:5      | Noticed Sigmund
  4409 | D:5      | Killed Sigmund
  4410 | D:5      | Reached skill level 9 in Conjurations
  4555 | D:6      | Learned a level 4 spell: Fulminant Prism
  4610 | D:6      | Reached XP level 8. HP: 23/47 MP: 11/11
  4870 | D:6      | Reached skill level 1 in Hexes
  4871 | D:6      | Reached skill level 1 in Fighting
  5562 | D:6      | You fall into a shaft and drop 3 floors!
  5578 | D:8      | Acquired the ring "Mixonaff" {rC+ Will- MP+9 Int+2 Dex+3}
  5623 | D:8      | Noticed Psyche
  5722 | D:6      | Reached skill level 10 in Conjurations
  6319 | D:7      | Found Dackej's Jewellery Shoppe.
  6346 | D:7      | Reached XP level 9. HP: 57/57 MP: 14/14
  6817 | D:7      | Found a hazy altar of Hepliaklqana.
  7669 | D:5      | Found a staircase to the Ecumenical Temple.
  7847 | D:5      | Found a glowing silver altar of Zin.
  8506 | Temple   | Entered the Ecumenical Temple
  8630 | Temple   | Became a worshipper of Gozag Ym Sagoz the Greedy
  8791 | D:8      | Paralysed by something for 2 turns
  8791 | D:8      | Killed Psyche
  8792 | D:8      | Reached skill level 5 in Spellcasting
  8868 | D:8      | Reached skill level 5 in Fighting
  8868 | D:8      | Reached skill level 5 in Hexes
  8873 | D:8      | Noticed Joseph
  8877 | D:8      | Reached XP level 10. HP: 41/66 MP: 17/17
  8882 | D:8      | Reached skill level 11 in Conjurations
  8888 | D:8      | Killed Joseph
  9085 | D:8      | Found a stormy altar of Qazlal.
  9127 | D:8      | Noticed an orange demon
  9135 | D:8      | Killed an orange demon
  9198 | D:8      | Noticed Amaemon
  9209 | D:8      | Killed Amaemon
  9211 | D:8      | Noticed Maurice
  9219 | D:8      | Killed Maurice
  9451 | D:8      | Found a staircase to the Lair.
  9607 | D:8      | Paralysed by a hornet for 3 turns
  9609 | D:8      | HP: 1/71 [hornet (3)]
  9610 | D:8      | Slain by a hornet

Illustrated notes

Levels and vault maps discovered:
D:1:      minmay_arrival_hallway, layout_loops_corners, basic_ecumenical_altar,
          minmay_unequal
D:2:      layout_loops_ring, uniq_jessica
D:3:      layout_basic, serial_shops, nicolae_shop_advertising_works
          [nicolae_subvault_shop_adworks], minmay_shallow_snake_nest,
          uniq_natasha
D:4:      layout_rooms, grunt_dithmenos_smoke_and_mirrors,
          makhleb_blood_cavern_becter, slow_altar_1, serial_shops,
          nicolae_square_shop, nicolae_shop_temple_entry_statues_fountains,
          kennysheep_mini_moat, chequers_serial_rivers_large_a,
          minmay_fractal_squares_gapless_5
D:5:      layout_layer_cave, mainiacjoe_overflow_cross_hatched,
          lemuel_temple_firewalk_b, uniq_sigmund
D:6:      layout_basic
D:7:      layout_basic, nicolae_hepliaklqana_hazy_memory, serial_shops,
          nicolae_stop_n_shop_2
D:8:      layout_basic, nicolae_qazlal_style_of_elements,
          grunt_lair_entry_orc_guard_hut, uniq_amaemon, uniq_psyche,
          uniq_joseph, uniq_maurice
D:9:      layout_roguey, nicolae_overflow_crystal_walls,
          gammafunk_temple_overflow_claw
Temple:   nicolae_temple_bog_church

Skill      XL: |  1  2  3  4  5  6  7  8  9 10 |
---------------+-------------------------------+-----
Conjurations   | 5 6 7 8 9 10 11 | 11.8
Hexes          | 3 5 |  5.0
Fighting       | 3 5 7 |  7.0
Spellcasting   | 3 5 6 |  6.8
Dodging        | |  2.1
Stealth        | |  2.8

Action                   |  1- 3 |  4- 6 |  7- 9 | 10-12 || total
-------------------------+-------+-------+-------+-------++-------
Melee: Unarmed           |     3 |       |       |       ||     3
       Tentacles         |     1 |     2 |    11 |     3 ||    17
       Dagger            |       |     8 |    59 |    11 ||    78
       Constrict         |       |     1 |    12 |     1 ||    14
       Punch             |       |       |     1 |       ||     1
 Cast: Magic Dart        |    42 |    84 |   105 |    13 ||   244
       Searing Ray       |       |     7 |    11 |     7 ||    25
       Fulminant Prism   |       |       |    23 |    14 ||    37
Evoke: Wand              |       |       |     2 |     1 ||     3
  Use: Scroll            |     3 |       |     1 |       ||     4
       Potion            |       |       |       |     1 ||     1
 Stab: Sleeping          |       |       |     1 |       ||     1
Armor: Skin              |       |     2 |     8 |     1 ||    11
Dodge: Dodged            |     3 |    11 |    73 |    19 ||   106
